cohdb
Replays
Latest Replays
All Replays
Popular Replays
Top Player Replays
Match Explorer
How It Works
Community
CoH3 Stats
Reddit
Sign in to upload your games and track your stats! →
Sign in with Steam
Match 43251563
Unlisted
Match 43251563
Overview
Messages
Build Orders
End
Scout Squad
Construct Weapon Support Center
Selects Heavy Weapons
M1919 Machine Gun Team
Bazooka Squad
M1919 Machine Gun Team
Bazooka Squad
Infantry Support Center
Construct Medical Station
M3 Armored Personnel Carrier
Selects Assault Carriers
Survival Training
Selects M2HB .50cal Heavy Machine Gun
Engineer Squad
.30 cal Machine Gun
Mortar Pit
Advanced Logistics
M1919 Machine Gun Team
Mortar Pit
Construct Tank Depot
Selects Rapid Reposition
Mortar Pit
M1919 Machine Gun Team
M4(105) Sherman Bulldozer
Selects Bolstered Team Weapons
Selects Halftrack Strongpoints
Halftrack Strongpoints
Mortar Pit
Blaston
Epithancev
Gringo_Killah1
zombie land SAGA
Gwangju's Hero Chun Doo-gwang
freedman1984
Jamoro
kya100789
0
0
Comments
sign in to comment!
No comments posted yet!